 Dungeon Crawl Stone Soup version 0.26-a0-1138-gef23d1325b (webtiles) character file.

Game seed: 15002872558669220808

3367 ANON1729 the Protected (level 10, 0/74 HPs)
             Began as a Gnoll Wanderer on Dec 21, 2020.
             Was a Believer of Nemelex Xobeh.
             Slain by a two-headed ogre
             ... wielding a +0 giant spiked club
              (7 damage)
             ... on level 8 of the Dungeon.
             The game lasted 00:13:24 (9857 turns).

ANON1729 the Protected (Gnoll Wanderer)             Turns: 9857, Time: 00:13:25

Health: 0/74       AC: 17    Str: 20    XL:     10   Next: 3%
Magic:  17/17      EV: 14    Int: 12    God:    Nemelex Xobeh [**....]
Gold:   471        SH:  0    Dex: 15    Spells: 18/18 levels left

rFire    . . .     SeeInvis .   r - +1 dagger (venom)
rCold    . . .     Faith    .   (no shield)
rNeg     . . .     Spirit   .   w - +4 ring mail {Will+}
rPois    .         Reflect  .   (no helmet)
rElec    .         Harm     .   k - scarf {shadows}
rCorr    .         Rampage  .   o - +0 pair of gloves
Will     ++...                  (no boots)
Stlth    ++........             (no amulet)
HPRegen  0.22/turn              x - +4 ring of protection
MPRegen  0.15/turn              h - ring of willpower

@: no status effects
A: distributed training, fangs 1, strong nose
a: Renounce Religion, Draw Escape, Draw Destruction, Draw Summoning


You were on level 8 of the Dungeon.
You worshipped Nemelex Xobeh.
Nemelex Xobeh was pleased with you.
You visited 2 branches of the dungeon, and saw 9 of its levels.

You collected 471 gold pieces.

Inventory:

Hand Weapons
 a - a +0 club
 r - a +1 dagger of venom (weapon)
 J - the +4 glaive "Loetipp" {freeze, Int+4}
   (You found it on level 6 of the Dungeon)

   It has been specially enchanted to freeze those struck by it, causing extra
   injury to most foes and up to half again as much damage against particularly
   susceptible opponents.
   It can also slow down cold-blooded creatures.
   It affects your intelligence (+4).
 K - a -2 shortbow
Missiles
 F - a throwing net (quivered)
 L - 46 arrows
Armour
 c - a +0 buckler
 k - a scarf of shadows (worn)
 o - a +0 pair of gloves (worn)
 w - a +4 ring mail of willpower (worn)
 B - the +5 robe "Viubel" {Dex+4}
   (You found it on level 4 of the Dungeon)

   It affects your dexterity (+4).
Jewellery
 f - an uncursed ring of see invisible
 h - a ring of willpower (right hand)
 x - a +4 ring of protection (left hand)
 H - an uncursed ring of protection from cold
Wands
 v - a wand of flame (6)
 I - a wand of paralysis (13)
 M - a wand of disintegration (12)
Scrolls
 d - a scroll of enchant weapon
 g - a scroll of amnesia
 i - a scroll of random uselessness {unknown}
 l - 3 scrolls of teleportation
 p - 2 scrolls of immolation
 t - 3 scrolls of enchant armour
 y - 2 scrolls of remove curse
 A - a scroll of magic mapping {unknown}
 C - a scroll of noise {unknown}
 E - a scroll of fog {unknown}
 G - a scroll of blinking {unknown}
Potions
 b - 6 potions of curing
 j - 3 potions of flight {unknown}
 m - 2 potions of mutation
 n - 2 potions of heal wounds {unknown}
 q - 4 potions of attraction {unknown}
 s - a potion of degeneration {unknown}
 u - a potion of brilliance {unknown}
 z - a potion of invisibility {unknown}
 D - a potion of might {unknown}


   Skills:
 + Level 5.5 Fighting
 + Level 4.8 Short Blades
 + Level 4.8 Long Blades
 + Level 4.8 Axes
 + Level 4.8 Maces & Flails
 + Level 4.8 Polearms
 + Level 4.8 Staves
 + Level 4.8 Slings
 + Level 5.5 Bows
 + Level 5.5 Crossbows
 + Level 4.8 Throwing
 + Level 11.3 Armour
 + Level 4.8 Dodging
 + Level 5.4 Stealth
 + Level 5.5 Shields
 + Level 4.8 Unarmed Combat
 + Level 4.8 Spellcasting
 + Level 4.0 Conjurations
 + Level 4.0 Hexes
 + Level 4.0 Summonings
 + Level 4.0 Necromancy
 + Level 4.0 Translocations
 + Level 4.0 Transmutations
 + Level 4.0 Fire Magic
 + Level 4.0 Ice Magic
 + Level 4.0 Air Magic
 + Level 4.0 Earth Magic
 + Level 4.0 Poison Magic
 + Level 5.3 Invocations
 + Level 4.8 Evocations


You had 18 spell levels left.
You didn't know any spells.
Your spell library contained the following spells:

 Spells                   Type           Power        Failure   Level
 Animate Skeleton         Necr           12%          6%          1
 Pain                     Necr           24%          6%          1
 Vampiric Draining        Necr           3%           17%         3
 Animate Dead             Necr           3%           50%         4
 Agony                    Necr           6%           85%         5


Dungeon Overview and Level Annotations

Branches:
Dungeon (8/15)             Temple (1/1) D:6
   Lair: D:8-11

Altars:
Ashenzari
Cheibriados
Dithmenos
Elyvilon
Fedhas
Gozag
Hepliaklqana
Kikubaaqudgha
Makhleb
Nemelex Xobeh
Okawaru
Qazlal
Ru
Sif Muna
Trog
Uskayaw
Vehumet
Wu Jian
Xom
Yredelemnul
Zin

Annotations:
D:3 1 runed translucent door, thewurscht's ghost, amateur TrHu


Innate Abilities, Weirdness & Mutations

Your experience applies equally to all skills.
You have very sharp teeth.
Your uncanny sense of smell can sniff out nearby items.


Message History

There is an escape hatch in the ceiling here.
You are too injured to fight recklessly!
You closely miss the hound. The hound closely misses you.
You hit the hound.
The hound is poisoned.
Your bite misses the hound.
The hound is lightly wounded.
The hound bites you but does no damage.
You hit the hound but do no damage.
The hound is moderately wounded.
The hound bites you.
* * * LOW HITPOINT WARNING * * *
The hound bites you but does no damage. The hound barely misses you.
The hound closely misses you. The quokka closely misses you.
You are too injured to fight recklessly!
The hound closely misses you.
The two-headed ogre hits you with a +0 giant spiked club!
* * * LOW HITPOINT WARNING * * *
The two-headed ogre hits you with a +0 giant spiked club!
You die...
Your body glows slightly and disappears.

#..........#.##..........# #.....
#........<.# .#..........###.###.
.#.........# ............#...###.
.#.........###.............###...
.#$.................###........##
.#.........###. ###...<..........
.##.##...####..##r.......##.....#
..#.......###.#.hO..........#####
................@................
.......[...............##........
...........#..#.#..######........
.<...........#..#......##........
.................................
...........#.##..................
...#......##. ...........>.......
##.......># ........##.......
#..#......# .......###.......


You could see a two-headed ogre (very poisoned), a hound (poisoned) and a
quokka.

Vanquished Creatures
  A vampire (D:6)
  Eustachio (D:4)
  Edmund (D:3)
  Menkaure (D:4)
  Duvessa (D:4)
  4 phantoms
  3 black bears
  An ice beast (D:5)
  3 ogres
  3 centaurs
  3 bullfrogs
  A wyvern zombie (D:6)
  A scorpion (D:5)
  Dowan (D:4)
  4 howler monkeys
  A quasit (D:6)
  4 bullfrog zombies (D:5)
  6 hounds
  2 jellies
  6 orc priests
  A bullfrog skeleton (D:6)
  A centaur skeleton (D:5)
  An iguana (D:7)
  3 orc wizards
  4 worker ants
  A hound skeleton (D:5)
  3 gnolls
  A howler monkey skeleton (D:4)
  4 adders
  2 shadow imps (D:6)
  2 ufetubi
  An ooze (D:3)
  2 adder skeletons
  An adder zombie (D:5)
  A leopard gecko (D:5)
  19 orcs
  A ball python (D:2)
  4 bats
  5 giant cockroaches
  6 hobgoblins
  5 kobolds
  3 quokkas
  A frilled lizard (D:2)
  2 goblins
  A leopard gecko zombie (D:8)
  3 rats (D:1)
126 creatures vanquished.

Notes
Turn   | Place    | Note
-------+----------+-------------------------------------------
     0 | D:1      | Reached skill level 10 in Armour
     0 | D:1      | ANON1729 the Gnoll Wanderer began the quest for the Orb.
     0 | D:1      | ANON1729 set off with the following items: a +0 club, a
                  | potion of curing, a +0 buckler, a +2 scale mail
     0 | D:1      | Reached XP level 1. HP: 17/17 MP: 1/1
   308 | D:1      | Reached XP level 2. HP: 22/23 MP: 2/2
  1130 | D:2      | Found a stormy altar of Qazlal.
  1130 | D:2      | Noticed a water elemental
  1131 | D:2      | Noticed an earth elemental
  1133 | D:2      | Noticed an air elemental
  1133 | D:2      | Noticed a fire elemental
  1450 | D:3      | Noticed thewurscht's ghost (amateur TrHu)
  1451 | D:3      | Found a runed translucent door.
  1626 | D:3      | Reached XP level 3. HP: 17/28 MP: 2/4
  1941 | D:3      | Reached skill level 1 in Invocations
  2034 | D:3      | Reached skill level 1 in Short Blades
  2034 | D:3      | Reached skill level 1 in Long Blades
  2034 | D:3      | Reached skill level 1 in Axes
  2034 | D:3      | Reached skill level 1 in Maces & Flails
  2034 | D:3      | Reached skill level 1 in Polearms
  2034 | D:3      | Reached skill level 1 in Staves
  2034 | D:3      | Reached skill level 1 in Slings
  2034 | D:3      | Reached skill level 1 in Throwing
  2034 | D:3      | Reached skill level 1 in Dodging
  2034 | D:3      | Reached skill level 1 in Unarmed Combat
  2034 | D:3      | Reached skill level 1 in Spellcasting
  2034 | D:3      | Reached skill level 1 in Evocations
  2686 | D:4      | Noticed Edmund
  2719 | D:3      | Killed Edmund
  2720 | D:3      | Reached skill level 1 in Conjurations
  2720 | D:3      | Reached skill level 1 in Hexes
  2720 | D:3      | Reached skill level 1 in Summonings
  2720 | D:3      | Reached skill level 1 in Necromancy
  2720 | D:3      | Reached skill level 1 in Translocations
  2720 | D:3      | Reached skill level 1 in Transmutations
  2720 | D:3      | Reached skill level 1 in Fire Magic
  2720 | D:3      | Reached skill level 1 in Ice Magic
  2720 | D:3      | Reached skill level 1 in Air Magic
  2720 | D:3      | Reached skill level 1 in Earth Magic
  2720 | D:3      | Reached skill level 1 in Poison Magic
  2720 | D:3      | Reached XP level 4. HP: 14/35 MP: 4/6
  2720 | D:3      | Reached XP level 5. HP: 16/41 MP: 4/7
  3012 | D:4      | Noticed an ogre
  3022 | D:4      | Killed an ogre
  3023 | D:4      | Reached XP level 6. HP: 30/47 MP: 8/8
  3161 | D:4      | Noticed Eustachio
  3200 | D:4      | Killed Eustachio
  3201 | D:4      | Reached XP level 7. HP: 6/52 MP: 10/10
  3208 | D:4      | HP: 1/52 [orc/+0 flail (6)]
  3545 | D:4      | Got an ichor-stained robe
  3593 | D:4      | Noticed Menkaure
  3617 | D:4      | HP: 1/52 [Menkaure (11)]
  3618 | D:4      | Killed Menkaure
  4412 | D:4      | Noticed Dowan
  4424 | D:4      | Killed Dowan
  4472 | D:4      | Noticed Duvessa
  4545 | D:4      | Killed Duvessa
  4546 | D:4      | Reached XP level 8. HP: 44/60 MP: 12/12
  4776 | D:5      | Entered Level 5 of the Dungeon
  6094 | D:6      | Reached skill level 11 in Armour
  6245 | D:6      | Noticed a vampire
  6259 | D:6      | Reached XP level 9. HP: 66/66 MP: 14/14
  6514 | D:6      | Found a staircase to the Ecumenical Temple.
  6525 | Temple   | Entered the Ecumenical Temple
  6739 | Temple   | Became a worshipper of Nemelex Xobeh the Trickster
  6774 | Temple   | Identified the +5 robe "Viubel" {Dex+4} (You found it on
                  | level 4 of the Dungeon)
  7567 | D:6      | Reached skill level 5 in Fighting
  7567 | D:6      | Reached skill level 5 in Bows
  7567 | D:6      | Reached skill level 5 in Crossbows
  7567 | D:6      | Reached skill level 5 in Shields
  7860 | D:6      | Reached skill level 5 in Stealth
  8279 | D:7      | Reached * piety under Nemelex Xobeh
  8322 | D:7      | Reached skill level 5 in Invocations
  8880 | D:7      | Received a gift from Nemelex Xobeh
  9209 | D:6      | Got a fine glaive
  9404 | D:8      | Reached XP level 10. HP: 25/74 MP: 17/17
  9677 | D:8      | Reached ** piety under Nemelex Xobeh
  9737 | D:8      | Identified the +4 glaive "Loetipp" {freeze, Int+4} (You
                  | found it on level 6 of the Dungeon)
  9828 | D:8      | Noticed a two-headed ogre
  9857 | D:8      | Slain by a two-headed ogre

Illustrated notes

Levels and vault maps discovered:
D:1:      ncdulo_watergridlock, layout_loops_ring
D:2:      layout_loops_ring, serial_forest, infiniplex_forest_clump_curved,
          infiniplex_forest_zigzag_1, infiniplex_forest_diagonal,
          infiniplex_forest_lined_corner, infiniplex_forest_diagonal,
          infiniplex_forest_lined_room_2, nicolae_qazlal_style_of_elements
D:3:      layout_basic, hellmonk_ghost_happy_afterlife, grunt_decor_arrowhead
D:4:      layout_basic, uniq_duvessa, uniq_menkaure, uniq_eustachio, uniq_edmund
D:5:      layout_basic, serial_glass, glass_columns_c, glass_columns_b,
          kennysheep_generic_room_3
D:6:      layout_cave_pods, minmay_temple_entry_junction
D:7:      layout_cave_pools
D:8:      layout_rooms
Temple:   nicolae_temple_the_god_donut

Skill      XL: |  1  2  3  4  5  6  7  8  9 10 |
---------------+-------------------------------+-----
Armour         | 11 | 11.3
Invocations    | 1 2 3 4 5 |  5.3
Short Blades   | 1 2 3 4 |  4.8
Long Blades    | 1 2 3 4 |  4.8
Axes           | 1 2 3 4 |  4.8
Maces & Flails | 1 2 3 4 |  4.8
Polearms       | 1 2 3 4 |  4.8
Staves         | 1 2 3 4 |  4.8
Slings         | 1 2 3 4 |  4.8
Throwing       | 1 2 3 4 |  4.8
Dodging        | 1 2 3 4 |  4.8
Unarmed Combat | 1 2 3 4 |  4.8
Spellcasting   | 1 2 3 4 |  4.8
Evocations     | 1 2 3 4 |  4.8
Fighting       | 3 4 5 |  5.5
Bows           | 3 4 5 |  5.5
Crossbows      | 3 4 5 |  5.5
Shields        | 3 4 5 |  5.5
Conjurations   | 1 2 3 4 |  4.0
Hexes          | 1 2 3 4 |  4.0
Summonings     | 1 2 3 4 |  4.0
Necromancy     | 1 2 3 4 |  4.0
Translocations | 1 2 3 4 |  4.0
Transmutations | 1 2 3 4 |  4.0
Fire Magic     | 1 2 3 4 |  4.0
Ice Magic      | 1 2 3 4 |  4.0
Air Magic      | 1 2 3 4 |  4.0
Earth Magic    | 1 2 3 4 |  4.0
Poison Magic   | 1 2 3 4 |  4.0
Stealth        | 3 4 5 |  5.4

Action                   |  1- 3 |  4- 6 |  7- 9 | 10-12 || total
-------------------------+-------+-------+-------+-------++-------
Melee: Club              |   145 |       |       |       ||   145
       Bite              |    17 |     3 |   105 |     4 ||   129
       Dagger            |    14 |    42 |   708 |    42 ||   806
       Glaive            |       |       |       |     1 ||     1
       Punch             |       |       |       |     1 ||     1
Evoke: Wand              |       |       |     5 |       ||     5
  Use: Potion            |     1 |     2 |       |       ||     3
       Scroll            |       |       |     6 |     3 ||     9
 Stab: Sleeping          |     4 |       |     2 |     1 ||     7
Armor: Scale mail        |    14 |       |       |       ||    14
       Ring mail         |    55 |     9 |   274 |    15 ||   353
Dodge: Dodged            |   101 |    14 |   343 |    23 ||   481
Block: Buckler           |    49 |    15 |   162 |       ||   226

Table legend: (Time is in decaauts)
 A = Elapsed time spent in this place.
 B = Non-inter-level travel time spent in this place.
 C = Inter-level travel time spent in this place.
 D = Time resting spent in this place.
 E = Time spent auto-exploring this place.
 F = Levels seen in this place.
 G = Mean time per level.
                   A        B        C        D        E       F      G
               +--------+--------+--------+--------+--------+-----+--------+
         Total |   9753 |   9437 |    316 |   1473 |   6310 |   9 | 1083.7 |
       Dungeon |   8985 |   8687 |    298 |   1112 |   6067 |   8 | 1123.1 |
        Temple |    767 |    749 |     18 |    361 |    243 |   1 |  767.0 |
               +--------+--------+--------+--------+--------+-----+--------+

Top non-repeatable levels by time:
     D:4: 1848 daAuts
     D:6: 1530 daAuts
     D:3: 1417 daAuts
     D:5: 1130 daAuts
     D:7: 972 daAuts
     D:2: 851 daAuts
  Temple: 767 daAuts
     D:1: 684 daAuts
     D:8: 552 daAuts
